Map: Ascension to Aiur LE

Players

Prohoops - Winner!

  • Race: Terran Terran
  • League: Platinum
  • Spawn Location: 5:00

Coast

  • Race: Protoss Protoss
  • League: Platinum
  • Spawn Location: 11:00

VOD

Have the link to the VOD?

Description

Time

  • Played on: July 20, 2017, 7:54 p.m.
  • Length: 5:32
Show
View Real Time Build Order
Export as new Build Order

Prohoops Terran - Winner!

Build Orders:  

Get SALT Encoding   

  12  0:08  Supply Depot  
  12  0:42  Barracks  
  12  0:53  Barracks  
  12  1:10  Barracks  
  12  1:29  Marine  
  13  1:40  Marine  
  14  1:47  Marine  
  15  1:57  Marine  
  15  2:00  Supply Depot  
  16  2:05  Marine x2  
  18  2:15  Marine  
  19  2:23  Marine x2  
  21  2:32  Marine  
  20  2:41  Marine x2  
  20  2:50  Marine  
  20  2:58  Marine  
  20  2:59  Marine  
  21  3:08  Marine  
  21  3:16  Marine  
  21  3:17  Marine  
  23  3:26  Marine  
  22  3:34  Marine x2  
  23  3:44  Marine  
  24  3:52  Marine x2  
  24  4:02  Marine  
  24  4:10  Marine x2  
  22  4:19  Marine  
  22  4:28  Marine x2  
  23  4:37  Marine  
  21  4:45  Marine  
  21  4:46  Marine  
  23  4:55  Marine  
  24  5:03  Marine x2  
  26  5:13  Marine  
Show
View Real Time Build Order
Export as new Build Order

Coast Protoss 

Build Orders:  

Get SALT Encoding   

  12  0:01  Probe (Chrono Boost)  
  13  0:11  Probe (Chrono Boost)  
  14  0:21  Pylon  
  14  0:24  Probe (Chrono Boost)  
  15  0:39  Probe (Chrono Boost)  
  16  0:43  Gateway  
  16  0:48  Assimilator  
  16  0:50  Probe (Chrono Boost)  
  17  1:00  Probe (Chrono Boost)  
  18  1:13  Gateway  
  18  1:17  Probe (Chrono Boost)  
  18  1:18  Gateway  
  19  1:29  Pylon  
  19  1:38  Cybernetics Core  
  19  1:50  Probe (Chrono Boost)  
  19  1:53  Assimilator  
  20  2:00  Zealot  
  22  2:05  Pylon  
  22  2:17  Warp Gate (Chrono Boost)  
  22  2:18  Mothership Core  
  24  2:35  Adept  
  24  2:48  Stalker  
  26  2:56  Adept  
  26  3:17  Stalker  
  26  3:27  Stalker  
  18  4:19  Pylon  
  14  4:43  Zealot x2  
  18  4:46  Mothership Core  
  18  5:01  Pylon  
  18  5:05  Zealot x3  
  11  5:22  Pylon  
  11  5:23  Pylon  
  11  5:26  Zealot  
Tags
 
Add a new tag
Caveats
  • Supply blocks, unpowered buildings, or Contaminate may cause inaccurate times.
  • Supply counts are checked every 10 seconds.